 Dungeon Crawl Stone Soup version 0.18.1-48-g4cf74bf (webtiles) character file.

81 dvd the Grave Robber (level 4, -12/30 HPs)
             Began as a Demonspawn Necromancer on Aug 30, 2016.
             Mangled by Xelenos's ghost (15 damage)
             ... in a sewer.
             The game lasted 00:08:14 (2661 turns).

dvd the Grave Robber (Demonspawn Necromancer)       Turns: 2661, Time: 00:08:15

Health: -12/30     AC:  6    Str: 13    XL:     4   Next: 20%
Magic:  17/17      EV: 18    Int: 18    God:
Gold:   100        SH:  0    Dex: 20    Spells: 2 memorised, 5 levels left

rFire  . . .     SeeInvis .     n - +0 short sword
rCold  . . .     Gourm    .     a - +0 robe
rNeg   . . .     Faith    .     (no shield)
rPois  .         Spirit   .     (no helmet)
rElec  .         Dismiss  .     l - +2 cloak
rCorr  .         Reflect  .     (no gloves)
SustAt .         Harm     .     (no boots)
MR     .....                    (no amulet)
Stlth  ++........               h - +2 ring of dexterity
                                p - ring of magical power

@: mighty, agile, not resistant to hostile enchantments, unstealthy
A: icy blue scales 1, powered by pain 2
a: no special abilities


You were in a sewer.
You were not hungry.

You visited 1 branch of the dungeon, and saw 3 of its levels.
You also visited: Sewer.

You collected 100 gold pieces.

Inventory:

Hand Weapons
 m - a +0 club
 n - a +0 short sword (weapon)
 u - a -1 hand axe
Armour
 a - a +0 robe (worn)
 l - a +2 cloak (worn)
Jewellery
 h - a +2 ring of dexterity (right hand)
 j - an uncursed ring of resist corrosion
 p - a ring of magical power (left hand)
Wands
 w - a wand of paralysis (15/24)
Scrolls
 d - 2 scrolls of identify
 i - 2 scrolls of enchant armour
 s - a scroll of teleportation
 y - 2 scrolls of blinking
 z - a scroll of fog {unknown}
Potions
 f - a potion of brilliance {unknown}
 k - a potion of agility {unknown}
 v - a potion of mutation {unknown}
 x - a potion of might {unknown}
Books
 b - a book of Necromancy

   Spells                             Type                      Level
   a - Pain                           Necromancy                   1
   b - Animate Skeleton               Necromancy                   1
   c - Vampiric Draining              Necromancy                   3
   d - Regeneration                   Charms/Necromancy            3
   e - Animate Dead                   Necromancy                   4
   f - Control Undead                 Necromancy                   4
Comestibles
 c - 3 bread rations
 g - a royal jelly
 o - a meat ration
 r - 4 fruits
 t - 4 chunks of flesh


   Skills:
 + Level 2.1 Dodging
 + Level 2.0 Stealth
 + Level 3.1 Spellcasting
 + Level 5.2 Necromancy


You had 5 spell levels left.
You knew the following spells:

 Your Spells              Type           Power        Failure   Level  Hunger
a - Pain                  Necr           ###.         1%          1    None
b - Vampiric Draining     Necr           ###.......   6%          3    ###....


Dungeon Overview and Level Annotations

Branches:
Dungeon (3/15)

Altars:
Cheibriados
Fedhas
Makhleb
Zin

Annotations:
Sewer Xelenos's ghost, novice MiFi


Innate Abilities, Weirdness & Mutations

You are partially covered in icy blue scales (AC +1).
You sometimes gain power by taking damage.


Message History

Some of the chunks of flesh in your inventory have rotted away.
You enter the shallow water.
Moving in this stuff is going to be slow.
Xelenos's ghost (novice Minotaur Fighter) comes into view.
Xelenos's ghost turns its malevolent gaze towards you.
Xelenos's ghost hits you but does no damage.
Xelenos's ghost hits you!
Ouch! That really hurt!
You focus on the pain.
You feel agile all of a sudden.
Xelenos's ghost shouts, "What do you have that I didn't have?"
Xelenos's ghost keens inconsolably.
Xelenos's ghost hits you!
* * * LOW HITPOINT WARNING * * *
You focus on the pain.
You feel very mighty all of a sudden.
Xelenos's ghost wails, "I have seen your future, and it is all used up."
Xelenos's ghost hits you!
Ouch! That really hurt!
You die...

##....####....=#
#.....∩##...≈≈.#
#......##...≈.≈#
#...∩.####...≈## ##....#
##≈≈.# ##..## #≈≈.#
##..# #≈≈≈# #...# #≈≈≈#
# ##@.## #≈≈≈# #≈ #W≈.#
#≈≈≈# #≈≈ #≈≈.### #≈≈≈#
#
#≈≈≈###≈≈≈#.###≈≈≈##≈≈≈#
#≈.≈≈≈≈≈≈≈≈≈.÷≈≈.≈≈≈≈≈≈#
#≈≈≈≈≈≈≈≈≈≈≈≈≈≈≈≈≈≈≈≈≈≈#
#.≈≈≈≈.≈≈≈≈≈≈.≈≈≈.≈≈≈≈≈#
#≈≈≈################≈≈≈#
#≈≈. ≈≈≈#


You could see Xelenos's ghost.

Vanquished Creatures
  2 adders
  An ooze (D:2)
  A worm (Sewer)
  6 giant geckos
  A ball python (D:2)
  5 giant cockroaches
  4 goblins
  3 hobgoblins
  A quokka (D:2)
  11 bats
  4 giant newts
  4 kobolds
  5 rats
48 creatures vanquished.

Notes
Turn   | Place    | Note
--------------------------------------------------------------
     0 | D:1      | dvd the Demonspawn Necromancer began the quest for the Orb.
     0 | D:1      | Reached XP level 1. HP: 13/13 MP: 3/3
   528 | D:1      | Gained mutation: You sometimes gain a little power by taking damage. [demonic ancestry]
   528 | D:1      | Reached XP level 2. HP: 16/19 MP: 0/5
  1368 | D:2      | Gained mutation: You sometimes gain power by taking damage. [demonic ancestry]
  1368 | D:2      | Reached XP level 3. HP: 14/24 MP: 6/6
  1518 | D:2      | Reached skill level 5 in Necromancy
  1629 | D:2      | Learned a level 3 spell: Vampiric Draining
  1866 | D:2      | Found a snail-covered altar of Cheibriados.
  1867 | D:2      | Found a glowing silver altar of Zin.
  1891 | D:2      | Found a blossoming altar of Fedhas.
  1977 | D:2      | Found a burning altar of Makhleb.
  2087 | D:3      | Found a blossoming altar of Fedhas.
  2225 | D:3      | Found a glowing drain.
  2413 | Sewer    | Entered a sewer
  2418 | Sewer    | Gained mutation: You are partially covered in icy blue scales (AC +1). [demonic ancestry]
  2418 | Sewer    | Reached XP level 4. HP: 24/30 MP: 8/8
  2654 | Sewer    | Noticed Xelenos's ghost (novice MiFi)
  2661 | Sewer    | Mangled by Xelenos's ghost

Skill      XL: |  1  2  3 |
---------------+----------+-----
Dodging        | 2 |  2.1
Necromancy     | 5 |  5.2
Stealth        | 2 |  2.0
Spellcasting   | 3 |  3.1

Action                   |  1- 3 |  4- 6 || total
-------------------------+-------+-------++-------
Melee: Hand axe          |       |     3 ||     3
 Cast: Pain              |    72 |    13 ||    85
       Vampiric Draining |       |     3 ||     3
  Use: Scroll            |     8 |     1 ||     9
  Eat: Chunk             |     4 |       ||     4
       Meat ration       |     1 |       ||     1
Armor: Robe              |    10 |    14 ||    24
Dodge: Dodged            |    18 |    13 ||    31
